 Dungeon Crawl Stone Soup version 0.28.0-53-g5a82cb258f (webtiles) character file.

Game seed: 12877699761870911563

60259 jjjjhere the Unseen (level 15, -10/86 (101) HPs)
             Began as a Kobold Berserker on Aug 14, 2022.
             Was an Elder of Trog.
             Mangled by an orc warlord
             ... wielding a +6 long sword of draining
              (12 damage)
             ... on level 9 of the Dungeon.
             The game lasted 00:37:24 (26764 turns).

jjjjhere the Unseen (Kobold Berserker)             Turns: 26764, Time: 00:37:25

HP:   -10/86 (101)  AC: 13    Str: 23    XL:     15   Next: 37%
MP:   15/15         EV: 28    Int: 14    God:    Trog [****..]
Gold: 1497          SH:  0    Dex: 21    Spells: 14/14 levels left

rFire   + . .      SeeInvis .   L - +2 quick blade of Gravity {elec, Int+4}
rCold   . . .      Faith    .   (no shield)
rNeg    . . .      Spirit   .   H - +0 acid dragon scales
rPois   .          Reflect  .   b - +1 hat of Resourcefulness {Str+6 Slay+2}
rElec   .          Harm     .   y - +0 cloak
rCorr   +          Rampage  .   M - +2 pair of gloves {Str+3}
Will    +....                   (no boots)
Stlth   ++++++++..              (no amulet)
HPRegen 0.24/turn               X - ring of protection from fire
MPRegen 0.14/turn               O - +4 ring of evasion

@: heavily drained
A: small, no large weapons, nightstalker 3
a: Renounce Religion, Berserk, Trog's Hand, Brothers in Arms


You were on level 9 of the Dungeon.
You worshipped Trog.
Trog was greatly pleased with you.
You visited 3 branches of the dungeon, and saw 19 of its levels.
You also visited: Sewer and Gauntlet.

You collected 1497 gold pieces.

Inventory:

Hand Weapons
 m - a +0 dagger of venom
 E - a +2 antimagic short sword
 F - a +1 scimitar of flaming
 I - a +5 scimitar
 L - the +2 quick blade of Gravity (weapon) {elec, Int+4}
   (You acquired it on level 9 of the Dungeon)

   It occasionally discharges a powerful burst of electricity upon striking a
   foe.
   Int:       It affects your intelligence (+4).
Missiles
 k - 17 boomerangs
 o - 39 poisoned darts (quivered)
 D - a curare-tipped dart
Armour
 b - the +1 hat of Resourcefulness (worn) {Str+6 Slay+2}
   (You found it on level 1 of the Lair of Beasts)

   Str:       It affects your strength (+6).
   Slay:      It affects your accuracy & damage with ranged weapons and melee
   (+2).
 i - the +1 robe of Iweg {rF++}
   (You found it on level 6 of the Dungeon)

   rF:        It greatly protects you from fire.
 j - a scarf of resistance
 u - a +0 robe of willpower
 y - a +0 cloak (worn)
 H - +0 acid dragon scales (worn)
 M - a +2 pair of gloves of strength (worn)
 R - the +4 chain mail of Untold Secrets {rCorr Str+5}
   (You took it off a minotaur in a Gauntlet)

   Str:       It affects your strength (+5).
   rCorr:     It protects you from acid and corrosion.
Jewellery
 c - a ring of protection from cold
 p - a ring of see invisible
 z - a ring of magical power
 K - a +6 ring of dexterity
 N - a +6 ring of dexterity
 O - a +4 ring of evasion (right hand)
 P - the amulet "Tonecev" {Reflect Harm rC+ Int+2 SH+5}
   (You found it in a Gauntlet)

   [amulet of reflection]

   It reflects blocked missile attacks.
   Int:       It affects your intelligence (+2).
   rC:        It protects you from cold.
   SH:        It affects your SH (+5).
   Harm:      It increases damage dealt and taken.
 Q - a +6 ring of strength
 U - a ring of protection from cold
 X - a ring of protection from fire (left hand)
 Y - the ring "Zieloi" {rPois rF- rN++ Str+4}
   (You found it on level 2 of the Lair of Beasts)

   [ring of poison resistance]

   Str:       It affects your strength (+4).
   rF:        It makes you vulnerable to fire.
   rPois:     It protects you from poison.
   rN:        It greatly protects you from negative energy.
Wands
 f - a wand of iceblast (11)
 x - a wand of flame (17)
 W - a wand of acid (5)
Scrolls
 e - 6 scrolls of magic mapping
 n - 6 scrolls of teleportation
 t - 2 scrolls of enchant armour
 B - a scroll of summoning
 G - 4 scrolls of fog
 J - 2 scrolls of fear
 V - 2 scrolls of blinking
Potions
 a - 2 potions of ambrosia
 d - 10 potions of curing
 g - 2 potions of attraction
 h - a potion of berserk rage
 l - 9 potions of haste
 q - 7 potions of flight
 r - 2 potions of invisibility
 s - 3 potions of lignification
 v - a potion of might
 w - 2 potions of mutation
 A - 4 potions of heal wounds
 C - a potion of brilliance
 T - a potion of magic {unknown}
Miscellaneous
 S - a tin of tremorstones (2/2)


   Skills:
 + Level 14.9 Fighting
 - Level 12.7(12.8) Short Blades
 - Level 1.3(5.3) Long Blades
 - Level 4.6 Throwing
 + Level 7.8 Armour
 - Level 12.4 Dodging
 - Level 19.0 Stealth
 + Level 5.9 Evocations


You had 14 spell levels left.
You didn't know any spells.
Your spell library was empty.

Dungeon Overview and Level Annotations

Branches:
Dungeon (11/15)            Temple (0/1) D:6            Lair (6/6) D:8
  Swamp (0/4) Lair:3       Spider (0/4) Lair:4        Slime (0/5) Lair:6
    Orc (2/2) D:9           Sewer (visited)         Gauntlet (visited)
    Elf: Orc:2

Altars:
Ashenzari
Dithmenos
Elyvilon
Gozag
Kikubaaqudgha
Makhleb
Nemelex Xobeh
Trog
Yredelemnul
Jiyva

Shops:
D:6 [

Portals:
Hell: Lair:6

Annotations:
D:4 1 runed translucent door, Crazy Yiuf


Innate Abilities, Weirdness & Mutations

You are small and have problems with some larger weapons.
You are completely attuned to the shadows.


Message History

You hit the orc warrior.
You kill the orc warrior!
Trog accepts your kill.
No target in view!
You climb downwards.
The orc warlord roars a battlecry!
The orc warrior goes into a battle-frenzy!
The orc warrior hits you with a +0 mace!
The orc warlord closely misses you.
An orc priest comes into view. It is wielding a +0 hand axe.
You hear a shout!
The orc priest shouts!
There is a stone staircase leading up, spattered with blood here.
The orc warrior barely misses you.
The orc warlord hits you with a +6 long sword of draining!!
You feel drained.
You climb upwards.
There is a stone staircase leading down, spattered with blood here.
Unknown command.
The orc warlord completely misses you.
Things that are here:
a +0 mace; an orc skeleton The orc warrior completely misses you.
Things that are here:
a +0 leather armour; a +0 vorpal mace; an orc skeleton
There is a staircase back to the Dungeon here.
The orc warrior barely misses you.
The orc warlord hits you with a +6 long sword of draining!
You feel drained.
You climb upwards.
Welcome back to the Dungeon!
There is a staircase to the Orcish Mines here.
The orc warlord hits you with a +6 long sword of draining!
You feel drained.
Things that are here:
a +0 plate armour; a +0 war axe; an orc skeleton The orc warrior no longer looks unusually strong.
The orc warlord hits you with a +6 long sword of draining!!
* * * LOW HITPOINT WARNING * * *
You feel drained.
You die...

##..##### #..##### #.#
....############......# #.#
...................[..# #.#
#P.#############.###..####.##
.P......# #.# #........#
..#####.# ##)# ##)####..# #.#
#.# #>)# #.# #..# ..# #.#
#oo# #.# #..# P.# #>#
##@####.####..# #P# #.#
#......).....### P.#####.#
#####.#....#...# ####....#
#...##.###.# #.#### ######.#
#.# #.# #.# #.# ####.#### #.#
#.# ........# #.# #.#
####.##.# #.# #.#


You could see an orc warlord and an orc warrior.

Vanquished Creatures
  The ghost of Fifowuza the Grappler, a journeyman DrTm of Wu Jian (Lair:4)
  A minotaur (Gauntlet)
  10 hydras
  The ghost of Ecorompe the Martial Artist, a journeyman DgWz (Lair:2)
  3 boulder beetles
  Erica (D:9)
  Nergalle (Lair:1)
  A bog body (Lair:3)
  A lindwurm (Lair:1)
  A wizard (Lair:6)
  2 moths of wrath (Lair:2)
  3 wolf spiders (Lair:1)
  23 elephants
  9 black mambas
  A rust devil (Gauntlet)
  A smoke demon (Lair:6)
  A torpor snail (Gauntlet)
  13 cane toads
  12 komodo dragons
  9 rime drakes
  3 polar bears
  A red devil (Lair:6)
  4 ice devils (Lair:6)
  3 trolls (D:9)
  14 blink frogs
  A hornet (D:9)
  Grinder (D:4)
  A raiju (Gauntlet)
  6 dream sheep
  A jumping spider (Lair:1)
  Sigmund (D:2)
  A shadow (D:10)
  A ynoxinul (Gauntlet)
  40 yaks
  3 wyverns
  7 basilisks
  A redback (Lair:1)
  3 steam dragons
  Edmund (D:4)
  Menkaure (D:5)
  An acid dragon (D:9)
  Duvessa (D:7)
  4 hell hounds (Lair:6)
  14 water moccasins
  A sky beast (D:6)
  10 orc warriors
  4 black bears
  5 ogres
  11 wolves
  A centaur (D:10)
  A phantom (D:7)
  4 kobold brigands
  Blork the orc (D:4)
  11 bullfrogs
  A wyvern zombie (D:5)
  5 scorpions
  Dowan (D:7)
  9 killer bees
  A jelly (D:2)
  12 wights
  2 centaur zombies
  2 lava snakes (Lair:1)
  A bullfrog zombie (D:6)
  2 hounds
  4 orc priests
  3 bullfrog skeletons
  3 iron imps (Gauntlet)
  2 iguanas
  7 orc wizards
  A merfolk siren (Sewer)
  A merfolk avatar (Sewer)
  A hound zombie (D:5)
  4 gnolls
  A howler monkey skeleton (D:5)
  6 adders
  3 river rats (Sewer)
  A white imp (D:5)
  3 worms
  2 dart slugs (D:2)
  24 orcs
  16 ball pythons
  3 endoplasms
  6 giant cockroaches
  4 goblins
  8 hobgoblins
  7 jackals
  3 quokkas
  4 bats
  4 frilled lizards
  22 kobolds
  27 rats
464 creatures vanquished.

Vanquished Creatures (collateral kills)
  A sun demon (Lair:6)
  2 cane toads (Lair:6)
  6 dream sheep (Lair:6)
9 creatures vanquished.

Vanquished Creatures (others)
  52 fungi
  87 plants
139 creatures vanquished.

Grand Total: 612 creatures vanquished

Notes
Turn   | Place    | Note
-------+----------+-------------------------------------------
     0 | D:1      | jjjjhere the Kobold Berserker began the quest for the Orb.
     0 | D:1      | Reached XP level 1. HP: 14/14 MP: 1/1
   368 | D:1      | Reached skill level 1 in Stealth
   486 | D:1      | Reached XP level 2. HP: 14/19 MP: 2/2
   708 | D:1      | Reached skill level 2 in Stealth
  1010 | D:1      | Reached XP level 3. HP: 17/23 MP: 3/3
  1295 | D:1      | Found a faded altar of an unknown god.
  1450 | D:2      | Reached skill level 5 in Short Blades
  1450 | D:2      | Reached skill level 3 in Stealth
  1450 | D:2      | Reached XP level 4. HP: 16/28 MP: 4/4
  1858 | D:2      | Noticed Sigmund
  1865 | D:2      | Killed Sigmund
  1866 | D:2      | Reached skill level 5 in Stealth
  1866 | D:2      | Reached XP level 5. HP: 32/32 MP: 5/5
  1866 | D:2      | Reached XP level 6. HP: 37/37 MP: 6/6
  3057 | D:3      | Reached skill level 6 in Stealth
  3859 | D:3      | Reached ** piety under Trog
  3965 | D:4      | Found a glowing drain.
  3988 | D:4      | Reached XP level 7. HP: 29/41 MP: 7/7
  4140 | Sewer    | Entered a sewer
  4851 | Sewer    | Reached skill level 7 in Stealth
  5306 | D:4      | Found a runed translucent door.
  5309 | D:4      | Noticed Crazy Yiuf
  5542 | D:4      | Noticed Grinder
  5557 | D:4      | Killed Grinder
  5558 | D:4      | Reached skill level 8 in Stealth
  5558 | D:4      | Reached XP level 8. HP: 28/46 MP: 8/8
  6128 | D:4      | Noticed Blork the orc
  6132 | D:4      | Killed Blork the orc
  6286 | D:4      | Noticed a yak
  6288 | D:4      | Noticed a yak
  6289 | D:4      | Noticed Edmund
  6289 | D:4      | Noticed a yak
  6290 | D:4      | Killed a yak
  6291 | D:4      | Reached skill level 9 in Stealth
  6291 | D:4      | Noticed a yak
  6292 | D:4      | Killed a yak
  6293 | D:4      | Killed a yak
  6294 | D:4      | Reached skill level 10 in Short Blades
  6294 | D:4      | Reached skill level 10 in Stealth
  6303 | D:4      | HP: 19/69 [Edmund/+6 flail of protection (16)]
  6308 | D:4      | HP: 3/69 [Edmund/+6 flail of protection (7)]
  6309 | D:4      | Killed Edmund
  6752 | D:5      | Entered Level 5 of the Dungeon
  6805 | D:5      | Reached XP level 9. HP: 51/51 MP: 9/9
  7407 | D:5      | Noticed Menkaure
  7543 | D:5      | Reached skill level 11 in Stealth
  7631 | D:5      | Killed Menkaure
  7921 | D:6      | Found Biugy's Armour Boutique.
  8013 | D:6      | Reached skill level 12 in Stealth
  8053 | D:6      | HP: 25/76 [poisoned by a water moccasin]
  8056 | D:6      | HP: 12/51 [poisoned by a water moccasin]
  8416 | D:6      | Found an opulent altar of Gozag.
  8591 | D:6      | Found a staircase to the Ecumenical Temple.
  8682 | D:6      | Identified the +1 robe of Iweg {rF++}
  8859 | D:6      | HP: 22/76 [yak (14)]
  8863 | D:6      | Reached XP level 10. HP: 20/56 MP: 10/10
  8867 | D:6      | Reached skill level 13 in Stealth
  9175 | D:6      | Found a broken altar of Ashenzari.
  9177 | D:6      | Found a shadowy altar of Dithmenos.
  9177 | D:6      | Found a sparkling altar of Nemelex Xobeh.
  9577 | D:7      | Noticed Dowan
  9579 | D:7      | Noticed Duvessa
  9580 | D:7      | Killed Dowan
  9598 | D:7      | Killed Duvessa
  9976 | D:7      | Found a burning altar of Makhleb.
 10695 | D:8      | Found a staircase to the Lair.
 10775 | D:8      | HP: 17/56 [wight/+0 halberd (6)]
 11583 | D:8      | Reached skill level 5 in Fighting
 11724 | D:8      | Reached skill level 5 in Dodging
 11724 | D:8      | Reached skill level 14 in Stealth
 11801 | D:8      | Found a bloodstained altar of Trog.
 11942 | D:9      | Noticed Erica
 11946 | D:9      | Killed Erica
 11947 | D:9      | Reached XP level 11. HP: 64/64 MP: 11/11
 12324 | Lair:1   | Entered Level 1 of the Lair of Beasts
 12419 | Lair:1   | Reached skill level 15 in Stealth
 12436 | D:8      | HP: 20/66 [wolf (4)]
 12448 | D:8      | HP: 21/66 [wolf (3)]
 12454 | D:8      | HP: 17/99 [wolf (5)]
 13282 | D:9      | Found a staircase to the Orcish Mines.
 13385 | D:9      | Reached *** piety under Trog
 13688 | D:9      | You fall into a shaft and drop 2 floors!
 13714 | D:10     | Entered Level 10 of the Dungeon
 13955 | D:10     | Found a basalt altar of Yredelemnul.
 14182 | D:10     | Reached skill level 1 in Long Blades
 14616 | D:9      | Identified a scroll of acquirement
 14616 | D:9      | Acquired the +2 quick blade of Gravity {elec, Int+4}
 14769 | D:9      | Found a white marble altar of Elyvilon.
 15346 | Lair:2   | Reached skill level 16 in Stealth
 15390 | Lair:2   | Noticed a moth of wrath
 15399 | Lair:2   | Noticed a moth of wrath
 15530 | Lair:2   | Found a gate leading to a gauntlet.
 15552 | Lair:2   | Found a transporter.
 15567 | Lair:2   | Found a transporter.
 15569 | Lair:2   | Noticed Ecorompe's ghost (journeyman DgWz)
 15569 | Lair:2   | Noticed a six-headed hydra
 15610 | Gauntlet | Entered a Gauntlet
 15610 | Gauntlet | Found a transporter.
 15610 | Gauntlet | Found a transporter.
 15628 | Gauntlet | Found a transporter.
 15636 | Gauntlet | Found a transporter.
 15648 | Gauntlet | Noticed a tengu warrior
 15651 | Gauntlet | Found the ring of the Octopus King
 15658 | Gauntlet | Found a transporter.
 15668 | Gauntlet | Found a transporter.
 15758 | Gauntlet | Found a transporter.
 15766 | Gauntlet | Found a transporter.
 15775 | Gauntlet | Noticed an elephant
 15778 | Gauntlet | Noticed an elephant
 15779 | Gauntlet | Noticed an elephant
 15780 | Gauntlet | Noticed an elephant
 15788 | Gauntlet | Found a transporter.
 15798 | Gauntlet | Found a transporter.
 15885 | Gauntlet | Found a transporter.
 15907 | Gauntlet | Found a transporter.
 15916 | Gauntlet | Found a transporter.
 15916 | Gauntlet | Found a transporter.
 15919 | Gauntlet | Noticed a wretched star
 15946 | Gauntlet | Found a transporter.
 15949 | Gauntlet | Noticed a cyclops
 15963 | Gauntlet | Noticed a swamp dragon
 15966 | Gauntlet | Found a transporter.
 16035 | Gauntlet | Reached XP level 12. HP: 75/75 MP: 12/12
 16346 | Gauntlet | Identified the amulet "Tonecev" {Reflect Harm rC+ Int+2
                  | SH+5}
 16555 | Gauntlet | Identified the +4 chain mail of Untold Secrets {rCorr
                  | Str+5}
 16555 | Gauntlet | Noticed a minotaur
 16598 | Gauntlet | HP: 35/112 [minotaur/+0 antimagic halberd (3)]
 16600 | Gauntlet | Killed a minotaur
 16962 | Lair:2   | Reached skill level 10 in Dodging
 17083 | Lair:2   | Reached skill level 17 in Stealth
 17233 | Lair:1   | Found a runed translucent door.
 17376 | Lair:1   | Noticed Nergalle
 17385 | Lair:1   | Killed Nergalle
 17489 | Lair:1   | Found the +10 morningstar "Eos" {elec, Halo rElec}
 17492 | Lair:1   | Identified the +1 hat of Resourcefulness {Str+6 Slay+2}
 17494 | Lair:1   | Found a runed translucent gate.
 17494 | Lair:1   | Found a runed translucent gate.
 17496 | Lair:1   | Found a runed translucent gate.
 17496 | Lair:1   | Noticed a boulder beetle
 17496 | Lair:1   | Noticed a boulder beetle
 17500 | Lair:1   | Reached skill level 10 in Fighting
 17501 | Lair:1   | Found a runed translucent gate.
 17501 | Lair:1   | Found a runed translucent gate.
 17501 | Lair:1   | Found a runed translucent gate.
 17662 | Lair:2   | Noticed a five-headed hydra
 17671 | Lair:2   | Killed a five-headed hydra
 18288 | Lair:3   | Found an ancient bone altar of Kikubaaqudgha.
 18677 | Lair:3   | Reached XP level 13. HP: 84/84 MP: 13/13
 18800 | Lair:3   | Found a staircase to the Swamp.
 19155 | Lair:3   | Identified the +0 leather armour "Vailemy" {rF++ Str+3}
 19326 | Lair:4   | Reached **** piety under Trog
 19376 | Lair:4   | Noticed a six-headed hydra
 19385 | Lair:4   | Killed a six-headed hydra
 19569 | Lair:4   | Found a runed translucent door.
 19916 | Lair:4   | Found a hole to the Spider Nest.
 20084 | Lair:4   | Noticed a four-headed hydra
 20088 | Lair:4   | Killed a four-headed hydra
 20566 | Lair:4   | Noticed Fifowuza's ghost (journeyman DrTm)
 20593 | Lair:4   | Killed Fifowuza's ghost
 20594 | Lair:4   | Reached skill level 18 in Stealth
 20691 | Lair:5   | Noticed a four-headed hydra
 20737 | Lair:4   | Killed a four-headed hydra
 21843 | Lair:5   | Noticed a boulder beetle
 21874 | Lair:5   | Killed a boulder beetle
 21886 | Lair:5   | Noticed a five-headed hydra
 21895 | Lair:5   | Killed a five-headed hydra
 21896 | Lair:5   | Reached XP level 14. HP: 74/92 MP: 14/14
 22250 | Lair:6   | Entered Level 6 of the Lair of Beasts
 22279 | Lair:6   | Reached skill level 5 in Armour
 22328 | Lair:5   | Reached skill level 19 in Stealth
 22411 | Lair:6   | Reached ***** piety under Trog
 22427 | Lair:5   | Reached skill level 1 in Throwing
 22476 | Lair:6   | Found a viscous altar of Jiyva.
 22477 | Lair:6   | Found a staircase to the Slime Pits.
 23596 | Lair:6   | Reached skill level 1 in Evocations
 23766 | Lair:6   | Received a gift from Trog
 24728 | Lair:6   | Reached XP level 15. HP: 100/100 MP: 15/15
 24831 | Lair:6   | Found a burning altar of Makhleb.
 25221 | Lair:6   | Found a gateway to Hell.
 25570 | Lair:2   | Reached skill level 5 in Evocations
 25660 | Lair:2   | Killed Ecorompe's ghost
 25808 | Lair:2   | Identified the ring "Zieloi" {rPois rF- rN++ Str+4}
 26237 | Orc:1    | Entered Level 1 of the Orcish Mines
 26557 | Orc:2    | Entered Level 2 of the Orcish Mines
 26740 | Orc:2    | Noticed an orc warlord
 26763 | D:9      | HP: 29/91 [orc warlord/+6 long sword of draining (3)]
 26764 | D:9      | HP: 2/91 [orc warlord/+6 long sword of draining (27)]
 26764 | D:9      | Mangled by an orc warlord

Illustrated notes

Levels and vault maps discovered:
D:1:      psy_arrival_whirlpool, layout_basic,
          shapermc_ecumenical_altar_rom_forum
D:2:      layout_basic, minmay_puff, uniq_sigmund
D:3:      layout_basic, minmay_misc_feat_hallway, kennysheep_generic_room_6
D:4:      layout_loops_corners, portal_sewer_entry_b, hangedman_decor_points,
          uniq_grinder, uniq_edmund, uniq_crazy_yiuf_cottage, uniq_blork_the_orc
D:5:      layout_cave_pods, chequers_serial_rivers_small_b, uniq_menkaure
D:6:      layout_basic, mainiacjoe_overflow_alcove_2, minitemple,
          temple_statues, nicolae_stop_n_shop_2
D:7:      layout_loops_cross, makhleb_heckhound_becter, uniq_duvessa
D:8:      layout_basic, trog_antimagical, david_lair_generic
D:9:      layout_loops_ring, nicolae_elyvilon_temple_path, orc_0_dummy,
          uniq_erica
D:10:     layout_roguey, mainiacjoe_overflow_concentric_impassable
D:11:     layout_basic, serial_shops, nicolae_square_shop,
          gammafunk_ghost_split, nicolae_elevator_lobby_asterisk
Lair:1:   gammafunk_indiana_jones, layout_layer_cave, uniq_nergalle
Lair:2:   layout_gridlike, gauntlet_entry_generic,
          gammafunk_ghost_berserking_beasts, nicolae_lair_grove_arrangements
Lair:3:   layout_regular_city, skrybe_swamp_entry_bodies, basic_altar
Lair:4:   layout_hall_layers, nicolae_spider_entry_non_spiders,
          ebering_ghost_reflecting_pool, hangedman_lair_unloving_vines,
          beast_lair_carwin_9
Lair:5:   layout_loops_ring
Lair:6:   evil_forest, layout_regular_city, slime_altar_1, evilmike_ambush
          [evilmike_ambush_outer_pillars, evilmike_ambush_inner_basic],
          grunt_megastairs_2
Orc:1:    layout_caves
Orc:2:    st_orc_elflike, layout_caves, nicolae_orc_flooded_monolith

Skill      XL: |  1  2  3  4  5  6  7  8  9 10 11 12 13 14 15 |
---------------+----------------------------------------------+-----
Stealth        | 1 2 3 5 6 8 10 12 14 16 17 18 19 | 19.0
Short Blades   | 5 6 7 8 10 12 | 12.7
Dodging        | 6 9 11 12 | 12.4
Fighting       | 6 8 10 12 14 | 14.9
Long Blades    | 1 |  1.3
Armour         | 3 4 7 |  7.8
Throwing       | 4 |  4.6
Evocations     | 3 5 |  5.9

Action                   |  1- 3 |  4- 6 |  7- 9 | 10-12 | 13-15 || total
-------------------------+-------+-------+-------+-------+-------++-------
Melee: Short sword       |    62 |   149 |   135 |       |       ||   346
       Punch             |     1 |       |     1 |    11 |    24 ||    37
       Rapier            |       |       |   161 |   154 |       ||   315
       Dagger            |       |       |       |   213 |    11 ||   224
       Quick blade       |       |       |       |   311 |  1099 ||  1410
Invok: Berserk           |     3 |     5 |    11 |    14 |     6 ||    39
       Trog's Hand       |       |       |     4 |     5 |     5 ||    14
       Brothers in Arms  |       |       |       |       |     2 ||     2
  Use: Scroll            |       |     6 |     7 |    13 |     3 ||    29
       Potion            |       |       |     2 |       |       ||     2
 Stab: Sleeping          |     7 |    12 |    24 |    47 |    43 ||   133
       Distracted        |       |     1 |     1 |     4 |     8 ||    14
       Invisible         |       |       |     3 |       |       ||     3
Armor: Animal skin       |     5 |    23 |    19 |       |       ||    47
       Robe              |       |       |     5 |    18 |       ||    23
       Acid dragon scale |       |       |       |    38 |    57 ||    95
Dodge: Dodged            |    36 |   117 |   157 |   342 |   636 ||  1288
